 Dungeon Crawl Stone Soup version 0.29-a0-384-g6960b1960d (webtiles) character file.

Game seed: 9785360095018114748

80805 Bruhh the Thaumaturge (level 15, -6/115 HPs)
             Began as a Gnoll Ice Elementalist on May 7, 2022.
             Was a High Priest of Vehumet.
             Incinerated by a balrug (7 damage)
             ... with a sticky flame
             ... on level 2 of the Abyss.
             The game lasted 01:03:41 (22860 turns).

Bruhh the Thaumaturge (Gnoll Ice Elementalist)     Turns: 22860, Time: 01:03:42

Health: -6/115     AC: 14    Str:  7    XL:     15   Next: 68%
Magic:  25/30      EV: 18    Int: 20    God:    Vehumet [*****.]
Gold:   1553       SH: 13    Dex: 21    Spells: 7/36 levels left

rFire   x . .      SeeInvis .   Z - +1 demon whip (venom)
rCold   + . .      Faith    .   Q - +0 kite shield
rNeg    . . .      Spirit   .   R - +0 troll leather armour
rPois   .          Reflect  .   O - +1 hat {Will+}
rElec   .          Harm     .   M - +2 cloak
rCorr   .          Rampage  .   v - +1 pair of gloves
Will    +++..                   u - +0 pair of boots
Stlth   ++........              l - amulet of the acrobat
HPRegen 1.09/turn               i - ring of ice
MPRegen 0.22/turn               q - +6 ring of dexterity

@: lethally poisoned (-6 -> -13), on fire, glowing
A: fangs 1, strong nose, distributed training, strong-willed 1
a: Renounce Religion


You were on level 2 of the Abyss.
You worshipped Vehumet.
Vehumet was extremely pleased with you.
You visited 3 branches of the dungeon, and saw 17 of its levels.
You visited the Abyss 1 time.
You also visited: Sewer and Bailey.

You collected 1553 gold pieces.

Inventory:

Hand Weapons
 w - a +0 short sword
 y - the +2 mace "Ultimatum" {distort, rF+}
   (You found it on level 4 of the Dungeon)

   It warps and distorts space around it, and may blink, banish, or inflict
   extra damage upon those it strikes.
   Unwielding it can cause banishment or high damage.
   rF:        It protects you from fire.
 K - a +1 glaive of draining
 Z - a +1 demon whip of venom (weapon)
Missiles
 p - 2 atropa-tipped darts
Armour
 a - a +0 robe
 u - a +0 pair of boots (worn)
 v - a +1 pair of gloves (worn)
 x - a +0 cloak
 L - +0 steam dragon scales
 M - a +2 cloak (worn)
 O - a +1 hat of willpower (worn)
 Q - a +0 kite shield (worn)
 R - a +0 troll leather armour (worn)
Jewellery
 i - a ring of ice (left hand)
 k - an amulet of magic regeneration
 l - an amulet of the acrobat (around neck)
 m - a ring of magical power
 q - a +6 ring of dexterity (right hand)
 r - a ring of protection from fire
 J - an amulet of guardian spirit
 W - a ring of fire
 X - a ring of positive energy
Wands
 D - a wand of iceblast (11)
 N - a wand of acid (5)
 V - a wand of flame (11)
Scrolls
 f - 9 scrolls of teleportation
 g - 3 scrolls of blinking
 j - 4 scrolls of noise
 n - a scroll of silence
 t - 6 scrolls of enchant armour
 z - 2 scrolls of immolation
 B - 3 scrolls of summoning
 F - 6 scrolls of fear
 G - 2 scrolls of fog
 H - 4 scrolls of vulnerability
 S - a scroll of identify
 T - 2 scrolls of magic mapping
 U - a scroll of poison
Potions
 b - a potion of magic
 c - 3 potions of berserk rage
 d - 2 potions of cancellation
 e - 4 potions of degeneration
 h - 3 potions of mutation
 o - 2 potions of invisibility
 s - a potion of heal wounds
 A - 2 potions of might
 C - 2 potions of brilliance
 E - a potion of resistance
 I - a potion of ambrosia
 P - a potion of curing
 Y - a potion of flight {unknown}


   Skills:
 + Level 9.9 Fighting
 + Level 9.9 Short Blades
 + Level 9.9 Long Blades
 + Level 9.9 Axes
 + Level 9.9 Maces & Flails
 + Level 9.9 Polearms
 + Level 9.9 Staves
 + Level 9.9 Slings
 + Level 9.9 Bows
 + Level 9.9 Crossbows
 + Level 9.9 Throwing
 + Level 9.9 Armour
 + Level 10.9 Dodging
 + Level 10.7 Stealth
 + Level 9.9 Shields
 + Level 9.9 Unarmed Combat
 + Level 11.1 Spellcasting
 + Level 8.2 Conjurations
 + Level 8.2 Hexes
 + Level 8.2 Summonings
 + Level 8.2 Necromancy
 + Level 8.2 Translocations
 + Level 8.2 Transmutations
 + Level 8.2 Fire Magic
 + Level 10.9 Ice Magic
 + Level 8.2 Air Magic
 + Level 8.2 Earth Magic
 + Level 8.2 Poison Magic
 + Level 10.7 Invocations
 + Level 9.9 Evocations


You had 7 spell levels left.
You knew the following spells:

 Your Spells              Type           Power      Damage    Failure   Level
a - Freeze                Ice            100%       1d11      1%          1
b - Frozen Ramparts       Ice            100%       1d12      1%          3
c - Ozocubu's Armour      Ice            70%        N/A       1%          3
d - Hailstorm             Conj/Ice       65%        3d14      1%          4
e - Inner Flame           Hex/Fire       44%        N/A       1%          3
f - Ozocubu's Refrigerat  Ice            35%        4d12      41%         7
h - Fulminant Prism       Conj/Hex       22%        3d13      1%          4
i - Iskenderun's Mystic   Conj/Tloc      44%        2d10      1%          4

Your spell library contained the following spells:

 Spells                   Type           Power      Damage    Failure   Level
 Ensorcelled Hibernation  Hex/Ice        100%       N/A       1%          2
 Passwall                 Tmut/Erth      36%        N/A       1%          2
 Swiftness                Air            44%        N/A       1%          3
 Fireball                 Conj/Fire      22%        3d10      5%          5
 Lee's Rapid Deconstruct  Erth           22%        3d13*     5%          5
 Lightning Bolt           Conj/Air       22%        1d37      5%          5
 Metabolic Englaciation   Hex/Ice        32%        N/A       11%         5
 Starburst                Conj/Fire      22%        6d7       24%         6
 Simulacrum               Ice/Necr       32%        N/A       50%         6
 Ignition                 Fire           22%        3d8       100%        8


Dungeon Overview and Level Annotations

Branches:
Dungeon (10/15)            Temple (1/1) D:4            Lair (6/6) D:9
  Swamp (0/4) Lair:2       Spider (0/4) Lair:2        Slime (0/5) Lair:5
    Orc (0/2) D:9           Sewer (visited)          Bailey (visited)

Altars:
Ashenzari
Cheibriados
Dithmenos
Elyvilon
Fedhas
Gozag
Hepliaklqana
Kikubaaqudgha
Makhleb
Nemelex Xobeh
Okawaru
Qazlal
Ru
Sif Muna
Trog
Uskayaw
Vehumet
Wu Jian
Xom
Yredelemnul
Zin
The Shining One
Beogh
Jiyva

Annotations:
D:5 1 runed translucent door, Flugkiller's ghost, novice OpCA


Innate Abilities, Weirdness & Mutations

You have very sharp teeth.
Your uncanny sense of smell can sniff out nearby items.
Your experience applies equally to all skills.
You are strong-willed. (Will+)


Message History

Really unwield
y - the +2 mace "Ultimatum" {distort, rF+}?
Your +1 demon whip of venom begins to drip with poison!
Z - a +1 demon whip of venom (weapon)
You are cast into the Abyss!
This branch contains the abyssal rune of Zot.
HP restored.
A balrug and 3 sun demons come into view.
The balrug is wielding a +2 demon whip of venom.
There are monsters nearby!
There are monsters nearby!
Hit: Z) +1 demon whip (venom)
Press: ? - help, Dir - move target, f - balrug
Aim: a balrug, wielding a +2 demon whip of venom (translocational energy, wandering, hasn't noticed you, about 36% to evade your +1 demon whip of venom)
The balrug shouts!
The sun demon shouts! x3
You hit the balrug.
The balrug is lightly wounded.
You hit the balrug.
The balrug is lightly wounded.
You hit the balrug but do no damage.
The balrug is poisoned.
You bite the balrug, but do no damage.
The balrug is lightly wounded.
The balrug gestures at you. The sticky flame hits you!
The fire burns you terribly!
You are covered in liquid flames!
You completely miss the balrug. You bite the balrug, but do no damage.
The balrug is lightly wounded.
You are covered in liquid flames!
The sun demon hits you!
You are engulfed in flames!!
The fire burns you terribly!
The balrug hits you with a +2 demon whip of venom!!
* * * LOW HITPOINT WARNING * * *
You are engulfed in flames!!
The fire burns you terribly!
* * * LOW HITPOINT WARNING * * *
You are lethally poisoned!
Okay, then.
Blink to where?
Press: ? - help, Dir - move target, p - balrug
As you read the scroll of blinking, it crumbles to dust.
You are covered in liquid flames!
You die...

.........#
.................
#...............#
#...............#
..........#.....#
..........#.....#
................#
......333.....@.#
#.....2§........#
...........≈....#
..#####.##.≈...≈#
###..≈....#
.....≈....
.........#
....≈...§.


You could see 2 sun demons.

Vanquished Creatures
  Gastronok (D:9)
  Snorg (Lair:3)
  Josephine (Lair:5)
  2 vault guards (Bailey)
  6 hydras
  A boulder beetle (D:9)
  An anaconda (shapeshifter) (D:9)
  An ogre mage (D:9)
  11 death yaks
  3 two-headed ogres
  Amaemon (D:10)
  A bog body (Lair:1)
  A wolf spider (Lair:6)
  2 cyclopes
  A deep elf pyromancer (D:10)
  10 elephants
  10 black mambas
  A guardian serpent (Lair:6)
  Maggie (D:7)
  An orange demon (D:10)
  10 cane toads
  7 komodo dragons
  4 rime drakes
  5 trolls (D:9)
  A hornet (Lair:6)
  A polar bear (Lair:2)
  15 blink frogs
  6 dream sheep (Lair:6)
  Prince Ribbit (Bailey)
  A jumping spider (Lair:2)
  3 wraiths (Lair:5)
  2 culicivoras (Lair:2)
  11 yaks
  12 wyverns
  A steam dragon (D:8)
  A basilisk (Lair:3)
  10 humans (Bailey)
  7 redbacks
  4 vampire mosquitoes (D:9)
  7 wargs (D:9)
  23 water moccasins
  A hell hound (D:9)
  4 orc warriors
  4 black bears
  3 ice beasts
  2 ogres
  11 wolves
  2 centaurs
  A phantom (D:5)
  22 bullfrogs
  11 kobold brigands
  A necrophage (D:6)
  4 gnoll sergeants (D:9)
  A scorpion (D:5)
  2 electric eels (D:9)
  8 howler monkeys
  10 hounds
  16 orc priests
  8 gnoll shamans
  4 jellies
  Crazy Yiuf (D:7)
  6 iguanas
  Ijyb (D:4)
  9 orc wizards
  8 gnolls
  8 adders
  A worm (D:2)
  3 dart slugs
  18 orcs
  4 ball pythons
  9 endoplasms
  10 giant cockroaches
  3 hobgoblins
  3 jackals (D:2)
  36 kobolds
  12 quokkas
  8 bats
  12 frilled lizards
  13 goblins
  2 rats
471 creatures vanquished.

Vanquished Creatures (others)
  A wyvern (D:7)
  An orc (D:9)
  4 bushes (Lair:6)
  8 fulminant prisms
  48 fungi
  70 plants
132 creatures vanquished.

Grand Total: 603 creatures vanquished

Notes
Turn   | Place    | Note
-------+----------+-------------------------------------------
     0 | D:1      | Bruhh the Gnoll Ice Elementalist began the quest for the
                  | Orb.
     0 | D:1      | Reached XP level 1. HP: 13/13 MP: 6/6
   518 | D:1      | Reached XP level 2. HP: 19/19 MP: 5/7
  1199 | D:2      | Reached XP level 3. HP: 20/25 MP: 2/9
  1203 | D:2      | Learned a level 3 spell: Frozen Ramparts
  1207 | D:2      | Learned a level 3 spell: Ozocubu's Armour
  1277 | D:2      | Reached skill level 5 in Spellcasting
  1327 | D:2      | Reached skill level 1 in Invocations
  1680 | D:2      | Reached skill level 1 in Fighting
  1680 | D:2      | Reached skill level 1 in Short Blades
  1680 | D:2      | Reached skill level 1 in Long Blades
  1680 | D:2      | Reached skill level 1 in Axes
  1680 | D:2      | Reached skill level 1 in Maces & Flails
  1680 | D:2      | Reached skill level 1 in Polearms
  1680 | D:2      | Reached skill level 1 in Staves
  1680 | D:2      | Reached skill level 1 in Slings
  1680 | D:2      | Reached skill level 1 in Bows
  1680 | D:2      | Reached skill level 1 in Crossbows
  1680 | D:2      | Reached skill level 1 in Throwing
  1680 | D:2      | Reached skill level 1 in Armour
  1680 | D:2      | Reached skill level 1 in Shields
  1680 | D:2      | Reached skill level 1 in Unarmed Combat
  1680 | D:2      | Reached skill level 1 in Evocations
  1763 | D:3      | Found a glowing drain.
  1778 | Sewer    | Entered a sewer
  1826 | Sewer    | Reached XP level 4. HP: 29/32 MP: 7/11
  1936 | Sewer    | Reached skill level 1 in Conjurations
  1936 | Sewer    | Reached skill level 1 in Hexes
  1936 | Sewer    | Reached skill level 1 in Summonings
  1936 | Sewer    | Reached skill level 1 in Necromancy
  1936 | Sewer    | Reached skill level 1 in Translocations
  1936 | Sewer    | Reached skill level 1 in Transmutations
  1936 | Sewer    | Reached skill level 1 in Fire Magic
  1936 | Sewer    | Reached skill level 1 in Air Magic
  1936 | Sewer    | Reached skill level 1 in Earth Magic
  1936 | Sewer    | Reached skill level 1 in Poison Magic
  2218 | Sewer    | Noticed a bullfrog
  2221 | Sewer    | Killed a bullfrog
  2222 | Sewer    | Reached XP level 5. HP: 37/37 MP: 7/12
  2253 | Sewer    | Reached XP level 6. HP: 40/44 MP: 6/13
  2733 | D:3      | Found a stormy altar of Qazlal.
  2938 | D:3      | Found a faded altar of an unknown god.
  3080 | D:3      | Found a runed translucent door.
  3080 | D:3      | Noticed a human
  3084 | D:3      | Found a basalt altar of Yredelemnul.
  3574 | D:4      | Reached skill level 5 in Dodging
  3575 | D:4      | Identified the +2 mace "Ultimatum" {distort, rF+}
  3703 | D:4      | Found a staircase to the Ecumenical Temple.
  3718 | Temple   | Entered the Ecumenical Temple
  3938 | D:4      | Found an iron altar of Okawaru.
  3964 | D:4      | Noticed Ijyb
  3973 | D:4      | Killed Ijyb
  4101 | D:4      | Reached XP level 7. HP: 32/50 MP: 8/15
  4455 | D:4      | Found a sacrificial altar of Ru.
  4634 | D:5      | Entered Level 5 of the Dungeon
  4768 | D:5      | Found a glowing golden altar of the Shining One.
  4864 | D:5      | Found a runed translucent door.
  4869 | D:5      | Noticed Flugkiller's ghost (novice OpCA)
  5044 | D:5      | Reached skill level 5 in Stealth
  5136 | D:5      | Reached XP level 8. HP: 57/57 MP: 12/16
  5575 | D:6      | Reached skill level 6 in Spellcasting
  5773 | D:6      | Gained mutation: You have sharp toenails. [potion of
                  | mutation]
  5773 | D:6      | Lost mutation: You have sharp toenails. [potion of
                  | mutation]
  5773 | D:6      | Gained mutation: You are strong-willed. (Will+) [potion of
                  | mutation]
  6377 | D:6      | Found a radiant altar of Vehumet.
  6420 | D:6      | Reached XP level 9. HP: 65/65 MP: 18/18
  6651 | D:7      | Found an opulent altar of Gozag.
  6654 | D:7      | Found a shimmering altar of Xom.
  6740 | D:7      | Noticed a cyclops
  6751 | D:7      | Killed a cyclops
  6923 | D:7      | Found a flagged portal.
  6934 | Bailey   | Entered a bailey
  7083 | Bailey   | Reached skill level 5 in Invocations
  7134 | Bailey   | Reached skill level 7 in Spellcasting
  7136 | Bailey   | Reached XP level 10. HP: 69/73 MP: 14/20
  7314 | Bailey   | Reached skill level 5 in Fighting
  7314 | Bailey   | Reached skill level 5 in Short Blades
  7314 | Bailey   | Reached skill level 5 in Long Blades
  7314 | Bailey   | Reached skill level 5 in Axes
  7314 | Bailey   | Reached skill level 5 in Maces & Flails
  7314 | Bailey   | Reached skill level 5 in Polearms
  7314 | Bailey   | Reached skill level 5 in Staves
  7314 | Bailey   | Reached skill level 5 in Slings
  7314 | Bailey   | Reached skill level 5 in Bows
  7314 | Bailey   | Reached skill level 5 in Crossbows
  7314 | Bailey   | Reached skill level 5 in Throwing
  7314 | Bailey   | Reached skill level 5 in Armour
  7314 | Bailey   | Reached skill level 5 in Shields
  7314 | Bailey   | Reached skill level 5 in Unarmed Combat
  7314 | Bailey   | Reached skill level 5 in Evocations
  7434 | Bailey   | Noticed Prince Ribbit
  7434 | Bailey   | Noticed a vault guard
  7442 | Bailey   | Killed Prince Ribbit
  7445 | Bailey   | Killed a vault guard
  7546 | Bailey   | Noticed a vault guard
  7556 | Bailey   | Killed a vault guard
  7858 | D:7      | Noticed a two-headed ogre
  7865 | D:7      | Killed a two-headed ogre
  7866 | D:7      | Reached XP level 11. HP: 33/81 MP: 12/22
  8170 | D:7      | Noticed Maggie
  8184 | D:7      | Killed Maggie
  8521 | D:7      | Found a runed translucent door.
  8522 | D:7      | Noticed Crazy Yiuf
  8646 | D:7      | Killed Crazy Yiuf
  8738 | D:6      | Became a worshipper of Vehumet
  8892 | D:8      | Found a snail-covered altar of Cheibriados.
  9418 | D:8      | Reached * piety under Vehumet
  9418 | D:8      | Offered knowledge of Magic Dart by Vehumet.
  9421 | D:8      | Reached skill level 5 in Conjurations
  9421 | D:8      | Reached skill level 5 in Hexes
  9421 | D:8      | Reached skill level 5 in Summonings
  9421 | D:8      | Reached skill level 5 in Necromancy
  9421 | D:8      | Reached skill level 5 in Translocations
  9421 | D:8      | Reached skill level 5 in Transmutations
  9421 | D:8      | Reached skill level 5 in Fire Magic
  9421 | D:8      | Reached skill level 5 in Air Magic
  9421 | D:8      | Reached skill level 5 in Earth Magic
  9421 | D:8      | Reached skill level 5 in Poison Magic
 10051 | D:8      | Found a hazy altar of Hepliaklqana.
 10089 | D:8      | Found a broken altar of Ashenzari.
 10093 | D:8      | Saw a vision of the Swamp and the Spider Nest.
 10093 | D:8      | Noticed a wolf spider
 10093 | D:8      | Noticed a will-o-the-wisp
 10093 | D:8      | Noticed a will-o-the-wisp
 10093 | D:8      | Noticed a wolf spider
 10093 | D:8      | Noticed a goliath frog
 10253 | D:9      | Reached skill level 8 in Spellcasting
 10335 | D:9      | Found a staircase to the Orcish Mines.
 10337 | D:9      | Found a staircase to the Lair.
 10459 | D:9      | Noticed a boulder beetle
 10688 | D:9      | Noticed an ogre mage
 11053 | D:9      | Reached ** piety under Vehumet
 11053 | D:9      | Offered knowledge of Shock by Vehumet.
 11078 | D:9      | Noticed an anaconda
 11086 | D:9      | Killed an anaconda
 11363 | D:9      | Noticed Gastronok
 11408 | D:9      | Killed Gastronok
 11932 | D:9      | Learned a level 4 spell: Hailstorm
 12095 | D:9      | Noticed a cyclops
 12134 | D:9      | Killed a cyclops
 12283 | D:9      | Killed a boulder beetle
 12284 | D:9      | Reached XP level 12. HP: 59/89 MP: 19/24
 12589 | D:9      | Offered knowledge of Inner Flame by Vehumet.
 12972 | D:9      | Killed an ogre mage
 12979 | D:9      | Learned a level 3 spell: Inner Flame
 13342 | D:9      | Noticed a two-headed ogre
 13348 | D:9      | Killed a two-headed ogre
 13349 | D:9      | Reached *** piety under Vehumet
 13933 | Lair:1   | Entered Level 1 of the Lair of Beasts
 14027 | Lair:1   | Reached skill level 9 in Spellcasting
 14032 | Lair:1   | Offered knowledge of Dazzling Flash by Vehumet.
 14583 | Lair:1   | Noticed a five-headed hydra
 14604 | Lair:1   | Killed a five-headed hydra
 14967 | Lair:2   | Found a staircase to the Swamp.
 15278 | Lair:2   | Found a hole to the Spider Nest.
 15360 | Lair:2   | Reached XP level 13. HP: 98/98 MP: 18/26
 15366 | Lair:2   | Learned a level 5 spell: Fireball
 15849 | Lair:2   | Reached **** piety under Vehumet
 16837 | Lair:3   | Reached skill level 10 in Ice Magic
 16839 | Lair:3   | Offered knowledge of Lightning Bolt by Vehumet.
 17304 | Lair:3   | Noticed Snorg
 17316 | Lair:3   | Killed Snorg
 17639 | Lair:3   | Learned a level 5 spell: Lightning Bolt
 18151 | Lair:4   | Reached skill level 10 in Spellcasting
 18844 | Lair:4   | Reached skill level 10 in Dodging
 18844 | Lair:4   | Reached XP level 14. HP: 18/106 MP: 17/28
 19033 | Lair:4   | Reached skill level 10 in Stealth
 19033 | Lair:4   | Reached skill level 10 in Invocations
 19033 | Lair:4   | Reached XP level 15. HP: 113/113 MP: 29/29
 19323 | Lair:5   | Noticed Josephine
 19338 | Lair:5   | Killed Josephine
 20018 | Lair:5   | Found a viscous altar of Jiyva.
 20018 | Lair:5   | Found a staircase to the Slime Pits.
 20208 | Lair:6   | Entered Level 6 of the Lair of Beasts
 20554 | Lair:6   | Reached ***** piety under Vehumet
 20638 | Lair:6   | Learned a level 4 spell: Fulminant Prism
 20643 | Lair:6   | Learned a level 4 spell: Iskenderun's Mystic Blast
 20725 | Lair:6   | Offered knowledge of Ozocubu's Refrigeration by Vehumet.
 20812 | Lair:6   | Learned a level 7 spell: Ozocubu's Refrigeration
 21282 | Lair:6   | HP: 5/115 [guardian serpent/bolt of poison (14)]
 21362 | Lair:6   | Reached skill level 11 in Spellcasting
 22538 | D:10     | Entered Level 10 of the Dungeon
 22601 | D:10     | Found a bloodstained altar of Trog.
 22622 | D:10     | Found a white marble altar of Elyvilon.
 22777 | D:10     | Noticed Amaemon
 22787 | D:10     | Killed Amaemon
 22826 | D:10     | Cast into level 2 of the Abyss (unwielding a weapon of
                  | distortion)
 22856 | Abyss:2  | Noticed a balrug
 22859 | Abyss:2  | HP: 1/115 [balrug/+2 demon whip of venom (30)]
 22860 | Abyss:2  | Incinerated by a balrug

Illustrated notes

Levels and vault maps discovered:
D:1:      tarquinn_simple_flora_water_c, layout_basic
D:2:      layout_rooms, serial_rivers, chequers_serial_rivers_room_a,
          chequers_serial_rivers_marsh, chequers_serial_rivers_small_a,
          chequers_serial_rivers_small_b, chequers_serial_rivers_micro_c
D:3:      layout_loops_ring, dk_yredelemnul_ordeal,
          nicolae_overflow_crystal_walls,
          hellmonk_ecumenical_altar_pennies_from_heaven, portal_sewer_entry_f,
          chequers_serial_rivers_large_b, minmay_misc_feat_iff
D:4:      layout_cave_pools, overflow_temple_1_default,
          nicolae_ru_the_path_less_chosen, minmay_temple_entry_junction_2,
          uniq_ijyb
D:5:      layout_rooms, nicolae_overflow_hidden_temple,
          ebering_ghost_reflecting_pool
D:6:      minmay_recursive_quarters, layout_basic, mainiacjoe_overflow_boulevard
D:7:      layout_rooms, mainiacjoe_overflow_catwalk_spiral, enter_bailey_3,
          kennysheep_potato, uniq_crazy_yiuf_cottage, uniq_maggie
D:8:      layout_gridville, mainiacjoe_overflow_alcove_1,
          grunt_ashenzari_visionary [grunt_ashenzari_visionary_swamp,
          grunt_ashenzari_visionary_spider], cheibriados_altar_1
D:9:      lemuel_castle_with_subvaults [lemuel_castle_interior_original],
          layout_irregular_city, erik_lair_island,
          minmay_orc_entry_temple_small, uniq_prince_ribbit1, uniq_gastronok
D:10:     layout_basic, mainiacjoe_overflow_catwalk,
          mainiacjoe_overflow_alcove_2, the_hattery, uniq_amaemon
Temple:   dpeg_three_leaves_temple
Lair:1:   layout_gridlike, serial_rivers, chequers_serial_rivers_marsh,
          chequers_serial_rivers_micro_d, chequers_serial_rivers_micro_a,
          chequers_serial_rivers_room_b, chequers_serial_rivers_marsh
Lair:2:   layout_small_grid, skrybe_swamp_entry_bodies,
          nicolae_spider_entry_tight_spaces
Lair:3:   layout_hall_layers, st_stairs_11, infiniplex_staircase_pool_2,
          uniq_snorg
Lair:4:   layout_cave_pods, serial_bayou_shore_b
Lair:5:   layout_cave_pods, dpeg_slime_entry_enclosed_altar, uniq_josephine
Lair:6:   hangedman_lair_tendril_chambers, layout_loops_ring
Abyss:2:  base: D:13, minivault_26

Skill      XL: |  1  2  3  4  5  6  7  8  9 10 11 12 13 14 15 |
---------------+----------------------------------------------+-----
Spellcasting   | 5 6 7 8 9 10 11 | 11.1
Invocations    | 1 2 3 4 5 6 7 8 9 10 | 10.7
Fighting       | 1 2 3 4 5 6 7 8 9 |  9.9
Short Blades   | 1 2 3 4 5 6 7 8 9 |  9.9
Long Blades    | 1 2 3 4 5 6 7 8 9 |  9.9
Axes           | 1 2 3 4 5 6 7 8 9 |  9.9
Maces & Flails | 1 2 3 4 5 6 7 8 9 |  9.9
Polearms       | 1 2 3 4 5 6 7 8 9 |  9.9
Staves         | 1 2 3 4 5 6 7 8 9 |  9.9
Slings         | 1 2 3 4 5 6 7 8 9 |  9.9
Bows           | 1 2 3 4 5 6 7 8 9 |  9.9
Crossbows      | 1 2 3 4 5 6 7 8 9 |  9.9
Throwing       | 1 2 3 4 5 6 7 8 9 |  9.9
Armour         | 1 2 3 4 5 6 7 8 9 |  9.9
Shields        | 1 2 3 4 5 6 7 8 9 |  9.9
Unarmed Combat | 1 2 3 4 5 6 7 8 9 |  9.9
Evocations     | 1 2 3 4 5 6 7 8 9 |  9.9
Conjurations   | 1 2 3 4 5 6 7 8 |  8.2
Hexes          | 1 2 3 4 5 6 7 8 |  8.2
Summonings     | 1 2 3 4 5 6 7 8 |  8.2
Necromancy     | 1 2 3 4 5 6 7 8 |  8.2
Translocations | 1 2 3 4 5 6 7 8 |  8.2
Transmutations | 1 2 3 4 5 6 7 8 |  8.2
Fire Magic     | 1 2 3 4 5 6 7 8 |  8.2
Air Magic      | 1 2 3 4 5 6 7 8 |  8.2
Earth Magic    | 1 2 3 4 5 6 7 8 |  8.2
Poison Magic   | 1 2 3 4 5 6 7 8 |  8.2
Dodging        | 5 6 7 8 9 10 | 10.9
Stealth        | 5 6 7 8 9 10 | 10.7
Ice Magic      | 8 9 10 | 10.9

Action                   |  1- 3 |  4- 6 |  7- 9 | 10-12 | 13-15 || total
-------------------------+-------+-------+-------+-------+-------++-------
Melee: Unarmed           |     9 |    20 |       |       |       ||    29
       Punch             |     2 |       |     1 |     2 |       ||     5
       Bite              |       |     2 |     5 |    21 |    55 ||    83
       Mace              |       |     6 |    53 |   136 |   283 ||   478
       Short sword       |       |     6 |       |       |       ||     6
       Demon whip        |       |       |       |       |     4 ||     4
Throw: Dart              |       |     1 |     2 |     1 |       ||     4
 Cast: Freeze            |    52 |    57 |    58 |   313 |   198 ||   678
       Frozen Ramparts   |     1 |     4 |     9 |    38 |    23 ||    75
       Ozocubu's Armour  |       |     4 |     4 |    28 |    13 ||    49
       Hailstorm         |       |       |       |    24 |    11 ||    35
       Inner Flame       |       |       |       |     8 |    12 ||    20
       Lightning Bolt    |       |       |       |       |    20 ||    20
       Fireball          |       |       |       |       |    12 ||    12
       Iskenderun's Myst |       |       |       |       |    35 ||    35
       Fulminant Prism   |       |       |       |       |     8 ||     8
Evoke: Wand              |       |       |     2 |     5 |     2 ||     9
  Use: Potion            |       |     1 |     2 |     3 |     8 ||    14
       Scroll            |       |       |       |       |    24 ||    24
 Stab: Sleeping          |       |       |     1 |     1 |     3 ||     5
       Distracted        |       |       |       |     1 |     1 ||     2
Armor: Robe              |     5 |    25 |    45 |    15 |       ||    90
       Steam dragon scal |       |       |       |    86 |       ||    86
       Troll leather arm |       |       |       |    64 |   136 ||   200
Dodge: Dodged            |    44 |    49 |   129 |   448 |   303 ||   973
Block: Kite shield       |       |       |       |   157 |   341 ||   498

Table legend: (Time is in decaauts)
 A = Elapsed time spent in this place.
 B = Non-inter-level travel time spent in this place.
 C = Inter-level travel time spent in this place.
 D = Time resting spent in this place.
 E = Time spent auto-exploring this place.
 F = Levels seen in this place.
 G = Mean time per level.
                   A        B        C        D        E       F      G
               +--------+--------+--------+--------+--------+-----+--------+
         Total |  23153 |  22316 |    837 |   1120 |  16898 |  20 | 1157.7 |
       Dungeon |  12877 |  12376 |    501 |    609 |   9490 |  10 | 1287.7 |
        Temple |    182 |    182 |      0 |      0 |     78 |   1 |  182.0 |
          Lair |   8449 |   8113 |    336 |    511 |   6011 |   6 | 1408.2 |
         Abyss |     32 |     32 |      0 |      0 |     29 |   1 |   32.0 |
         Sewer |    895 |    895 |      0 |      0 |    723 |   1 |  895.0 |
        Bailey |    716 |    716 |      0 |      0 |    565 |   1 |  716.0 |
               +--------+--------+--------+--------+--------+-----+--------+

Top non-repeatable levels by time:
     D:9: 3670 daAuts
  Lair:6: 1823 daAuts
     D:7: 1632 daAuts
  Lair:3: 1506 daAuts
     D:8: 1483 daAuts
     D:6: 1380 daAuts
  Lair:2: 1371 daAuts
  Lair:5: 1283 daAuts
  Lair:1: 1250 daAuts
  Lair:4: 1214 daAuts
     D:1: 1094 daAuts
     D:3: 1084 daAuts
   Sewer: 895 daAuts
     D:4: 886 daAuts
     D:5: 726 daAuts
